HBL
MILWAUKEE OTTERS @ DANVILLE DAIRY DADDIES
05/01/1997
 
TOP OF THE 1ST
Milwaukee Otters batting - Pitching for Danville Dairy Daddies : RHP Scott Scudder
Pitching: RHP Scott Scudder
Batting: RHB Chris Sabo 0-0: Called Strike
0-1: Ball
1-1: Bunt for hit to 5S - play at first, batter OUT! 5-3
Batting: RHB Carlos A. Martinez 0-0: Ball
1-0: Called Strike
1-1: Ball
2-1: Fly out, F9 (Flyball, 9, EV 95.6 MPH)
Batting: LHB Brady Anderson 0-0: Ball
1-0: Called Strike
1-1: Ball
2-1: Ball
3-1: Foul Ball, location: 2F
3-2: Strikes out swinging
Top of the 1st over - 0 runs, 0 hits, 0 errors, 0 left on base; Milwaukee 0 - Danville 0
BOTTOM OF THE 1ST
Danville Dairy Daddies batting - Pitching for Milwaukee Otters : RHP Willie Blair
Pitching: RHP Willie Blair
Batting: SHB Joey Cora 0-0: Ball
1-0: Fly out, F3 (Line Drive, 3, EV 62.5 MPH)
Batting: RHB Shawn Gilbert 0-0: Ball
1-0: Foul Ball, location: 2F
1-1: TRIPLE (Flyball, 89XD, EV 105.6 MPH)
Batting: LHB David Ortiz 0-0: Ball
1-0: Foul Ball, location: 2F
1-1: Ball
2-1: Fly out, F7 (Flyball, 7, EV 86.3 MPH)
Runner from 3rd tags up, SCORES, throw by LF
Batting: LHB Brant Brown 0-0: Ball
1-0: Ball
2-0: Called Strike
2-1: Called Strike
2-2: Foul Ball, location: 2F
2-2: Strikes out swinging
Bottom of the 1st over - 1 run, 1 hit, 0 errors, 0 left on base; Milwaukee 0 - Danville 1
TOP OF THE 2ND
Milwaukee Otters batting - Pitching for Danville Dairy Daddies : RHP Scott Scudder
Batting: LHB Oddibe McDowell 0-0: Foul Ball, location: 2F
0-1: Called Strike
0-2: Ball
1-2: Ball
2-2: Ball
3-2: Base on Balls
Batting: RHB Cal Ripken Jr. 0-0: Ball
1-0: Ball
2-0: Ball
3-0: Base on Balls
Oddibe McDowell to second
Batting: SHB Desi Relaford 0-0: Ball
1-0: Swinging Strike
1-1: SINGLE (Groundball, 56, EV 101.9 MPH)
Oddibe McDowell to third
Cal Ripken Jr. to second
Runner from 3rd tries for Home, SAFE, no throw by LF
Batting: LHB Lou Whitaker 0-0: Ball
1-0: Foul Ball, location: 2F
1-1: Called Strike
1-2: Ball
2-2: Ground out 6-3 (Groundball, 6MS, EV 80.0 MPH)
Cal Ripken Jr. to third
Desi Relaford to second
Batting: RHB Joe Vitiello 0-0: Called Strike
0-1: 3-RUN HOME RUN (Flyball, 7D, EV 100.0 MPH), Distance : 377 ft
Batting: RHB Robby Thompson 0-0: Ball
1-0: SINGLE (Groundball, 56S, EV 70.0 MPH) (infield hit)
Batting: RHB Chris Sabo 0-0: Ball
1-0: SINGLE (Groundball, 6MD, EV 103.8 MPH)
Robby Thompson to second
Batting: RHB Carlos A. Martinez 0-0: Ball
1-0: Swinging Strike
1-1: Foul Ball, location: 2F
1-2: SINGLE (Groundball, 4MD, EV 95.6 MPH)
Robby Thompson to third
Chris Sabo to second
Runner from 3rd tries for Home, SAFE, throw by CF to home
Pitching: LHP Ron Mahay
Batting: LHB Brady Anderson 0-0: Ball
1-0: Ball
2-0: SINGLE (Flyball, 9S, EV 85.6 MPH)
Chris Sabo to third
Carlos A. Martinez to second
Runner from 3rd tries for Home, SAFE, throw by RF to home
Batting: LHB Oddibe McDowell 0-0: Called Strike
0-1: Ball
1-1: Called Strike
1-2: Ball
2-2: Foul Ball, location: 2F
2-2: SINGLE (Groundball, 4D, EV 100.0 MPH)
Carlos A. Martinez to third
Brady Anderson to second
Batting: RHB Cal Ripken Jr. 0-0: Called Strike
0-1: Fly out, F7 (Flyball, 7, EV 88.1 MPH)
Runner from 3rd tags up, SCORES, no throw by LF
Batting: SHB Desi Relaford 0-0: Ball
1-0: Ball
Wild Pitch!
Brady Anderson to third
Oddibe McDowell to second
2-0: Called Strike
2-1: Ball
3-1: Base on Balls
Batting: LHB Lou Whitaker 0-0: Called Strike
0-1: Ball
1-1: Called Strike
1-2: Ball
2-2: Foul Ball, location: 2F
2-2: Ball
3-2: Ground out 2-3 (Groundball, 2R, EV 66.3 MPH)
Top of the 2nd over - 7 runs, 7 hits, 0 errors, 3 left on base; Milwaukee 7 - Danville 1
BOTTOM OF THE 2ND
Danville Dairy Daddies batting - Pitching for Milwaukee Otters : RHP Willie Blair
Batting: LHB Lee Stevens 0-0: Ball
1-0: Foul Ball, location: 2F
1-1: Foul Ball, location: 2F
1-2: Ground out 5-3 (Groundball, 56, EV 101.3 MPH)
Batting: RHB Mike Blowers 0-0: Swinging Strike
0-1: Ball
1-1: Called Strike
1-2: Strikes out swinging
Batting: RHB Mike Stanley 0-0: Called Strike
0-1: Ball
1-1: Ball
2-1: Foul Ball, location: 2F
2-2: Ball
3-2: Strikes out swinging
Bottom of the 2nd over - 0 runs, 0 hits, 0 errors, 0 left on base; Milwaukee 7 - Danville 1
TOP OF THE 3RD
Milwaukee Otters batting - Pitching for Danville Dairy Daddies : LHP Ron Mahay
Batting: RHB Joe Vitiello 0-0: Ball
1-0: Foul Ball, location: 2F
1-1: Ball
2-1: Ball
3-1: Fly out, F8 (Flyball, 8RD, EV 93.8 MPH)
Batting: RHB Robby Thompson 0-0: Ball
1-0: Ball
2-0: Ball
3-0: Called Strike
3-1: Base on Balls
Batting: RHB Chris Sabo 0-0: Grounds into double play, 4-6-3 (Groundball, 4M, EV 84.4 MPH)
Top of the 3rd over - 0 runs, 0 hits, 0 errors, 0 left on base; Milwaukee 7 - Danville 1
BOTTOM OF THE 3RD
Danville Dairy Daddies batting - Pitching for Milwaukee Otters : RHP Willie Blair
Batting: RHB Takahiro Ikeyama 0-0: Ball
1-0: Fly out, F9 (Flyball, 9S, EV 90.0 MPH)
Batting: RHB Tim Worrell 0-0: Foul Ball, location: 2F
0-1: Ball
1-1: Ball
2-1: SINGLE (Groundball, 56D, EV 106.9 MPH)
Batting: SHB Joey Cora 0-0: Ball
1-0: Ball
2-0: Called Strike
2-1: Swinging Strike
2-2: Strikes out swinging
Batting: RHB Shawn Gilbert 0-0: Called Strike
0-1: Swinging Strike
Passed Ball!
Tim Worrell to second
0-2: Ball
Passed Ball!
Tim Worrell to third
1-2: Strikes out looking
Bottom of the 3rd over - 0 runs, 1 hit, 0 errors, 1 left on base; Milwaukee 7 - Danville 1
TOP OF THE 4TH
Milwaukee Otters batting - Pitching for Danville Dairy Daddies : LHP Ron Mahay
Batting: RHB Carlos A. Martinez 0-0: Ball
1-0: Swinging Strike
1-1: SINGLE (Groundball, 6MD, EV 104.4 MPH)
Batting: LHB Brady Anderson 0-0: Ball
1-0: Ball
Wild Pitch!
Carlos A. Martinez to second
2-0: Foul Ball, location: 2F
2-1: Swinging Strike
2-2: Single, Error in OF, E8, batter to second base (Line Drive, 8RS, EV 86.3 MPH)
Carlos A. Martinez scores
Batting: LHB Oddibe McDowell 0-0: SINGLE (Groundball, 56S, EV 65.6 MPH) (infield hit)
Brady Anderson to third
Batting: RHB Cal Ripken Jr. 0-0: Ball
1-0: Foul Ball, location: 2F
1-1: Foul Ball, location: 2F
1-2: 3-RUN HOME RUN (Flyball, 9D, EV 106.3 MPH), Distance : 352 ft
Batting: SHB Desi Relaford 0-0: Ball
1-0: Reached on error, E5 (Groundball, 56S, EV 82.5 MPH)
Batting: LHB Lou Whitaker 0-0: Foul Ball, location: 2F
0-1: Ball
1-1: Ball
Wild Pitch!
Desi Relaford to third
2-1: Foul Ball, location: 2F
2-2: Ball
3-2: Foul Ball, location: 2F
3-2: 2-RUN HOME RUN (Flyball, 7D, EV 90.0 MPH), Distance : 394 ft
Pitching: RHP A J Sager
Batting: RHB Joe Vitiello 0-0: Ball
1-0: Ball
2-0: Ball
3-0: Called Strike
3-1: Base on Balls
Batting: RHB Robby Thompson 0-0: Ball
1-0: Ball
2-0: Ball
3-0: Called Strike
3-1: SINGLE (Groundball, 34D, EV 100.0 MPH)
Joe Vitiello to second
Batting: RHB Chris Sabo 0-0: Fly out, F9 (Flyball, 9D, EV 105.6 MPH)
Runner from 2nd tags up, SAFE at 3rd, no throw by RF
Batting: RHB Carlos A. Martinez 0-0: SINGLE (Line Drive, 8RS, EV 94.4 MPH)
Joe Vitiello scores
Robby Thompson to second
Batting: LHB Brady Anderson 0-0: Ball
1-0: Ball
2-0: Foul Ball, location: 2F
2-1: Ball
3-1: DOUBLE (Line Drive, 7LS, EV 89.4 MPH)
Robby Thompson scores
Carlos A. Martinez to third
Batting: LHB Oddibe McDowell 0-0: Called Strike
0-1: Foul Ball, location: 2F
0-2: Strikes out swinging
Batting: RHB Cal Ripken Jr. 0-0: 3-RUN HOME RUN (Flyball, 7D, EV 98.1 MPH), Distance : 425 ft
Pitching: RHP John Costello
Batting: SHB Desi Relaford 0-0: Called Strike
0-1: Ball
1-1: SINGLE (Flyball, 78M, EV 92.5 MPH)
Batting: LHB Lou Whitaker 0-0: Called Strike
0-1: Reached on error, E3 (Groundball, 3L, EV 80.6 MPH)
Desi Relaford to second
Batting: RHB Joe Vitiello 0-0: Ball
1-0: Ball
2-0: Called Strike
2-1: Foul Ball, location: 2F
2-2: Foul Ball, location: 2F
2-2: Ground out 1-3 (Groundball, 13S, EV 68.1 MPH)
Top of the 4th over - 11 runs, 10 hits, 3 errors, 2 left on base; Milwaukee 18 - Danville 1
BOTTOM OF THE 4TH
Danville Dairy Daddies batting - Pitching for Milwaukee Otters : RHP Willie Blair
Batting: LHB David Ortiz 0-0: SOLO HOME RUN (Flyball, 9D, EV 114.4 MPH), Distance : 348 ft
Batting: LHB Brant Brown 0-0: Ball
1-0: Swinging Strike
1-1: Foul Ball, location: 2F
1-2: Ball
2-2: Ball
3-2: Strikes out swinging
Batting: LHB Lee Stevens 0-0: Fly out, F7 (Line Drive, 7, EV 98.8 MPH)
Batting: RHB Mike Blowers 0-0: Ball
1-0: SINGLE (Flyball, 89S, EV 87.5 MPH)
Batting: RHB Mike Stanley 0-0: Fly out, F9 (Line Drive, 9D, EV 91.3 MPH)
Bottom of the 4th over - 1 run, 2 hits, 0 errors, 1 left on base; Milwaukee 18 - Danville 2
TOP OF THE 5TH
Milwaukee Otters batting - Pitching for Danville Dairy Daddies : RHP John Costello
Batting: RHB Robby Thompson 0-0: Ball
1-0: Swinging Strike
1-1: Ball
2-1: Ball
3-1: Fly out, F8 (Flyball, 8RXD, EV 85.0 MPH)
Batting: RHB Chris Sabo 0-0: Ball
1-0: Ball
2-0: Fly out, F4 (Popup, 4, EV 81.3 MPH)
Batting: RHB Carlos A. Martinez 0-0: Foul Ball, location: 2F
0-1: Ball
1-1: Called Strike
1-2: Ball
2-2: Ground out 4-3 (Groundball, 34, EV 104.4 MPH)
Top of the 5th over - 0 runs, 0 hits, 0 errors, 0 left on base; Milwaukee 18 - Danville 2
BOTTOM OF THE 5TH
Danville Dairy Daddies batting - Pitching for Milwaukee Otters : RHP Willie Blair
Batting: RHB Takahiro Ikeyama 0-0: Ball
1-0: Ball
2-0: Foul Ball, location: 2F
2-1: Foul Ball, location: 2F
2-2: Ground out 6-3 (Groundball, 6S, EV 88.1 MPH)
Batting: RHB Tim Worrell 0-0: Called Strike
0-1: Ball
1-1: Called Strike
1-2: Foul Ball, location: 2F
1-2: Ball
2-2: Strikes out swinging
Batting: SHB Joey Cora 0-0: Called Strike
0-1: Ball
1-1: Ball
2-1: Foul Ball, location: 2F
2-2: Ball
3-2: Foul Ball, location: 2F
3-2: Foul Ball, location: 2F
3-2: Foul Ball, location: 2F
3-2: SINGLE (Groundball, 6M, EV 104.4 MPH)
Batting: RHB Shawn Gilbert 0-0: Swinging Strike
0-1: Ball
Passed Ball!
Joey Cora to second
1-1: Ball
2-1: Foul Ball, location: 2F
2-2: SINGLE (Groundball, 6, EV 85.0 MPH) (infield hit)
Joey Cora to third
Batting: LHB David Ortiz 0-0: Ball
Shawn Gilbert steals 2nd base (no throw)
1-0: Foul Ball, location: 2F
1-1: Foul Ball, location: 2F
1-2: SINGLE (Groundball, 3D, EV 97.5 MPH)
Joey Cora scores
Shawn Gilbert to third
Runner from 3rd tries for Home, SAFE, no throw by RF
Batting: LHB Brant Brown 0-0: Called Strike
0-1: Fielders Choice at 2nd, U6 (Groundball, 6M, EV 93.8 MPH)
Bottom of the 5th over - 2 runs, 3 hits, 0 errors, 1 left on base; Milwaukee 18 - Danville 4
TOP OF THE 6TH
Milwaukee Otters batting - Pitching for Danville Dairy Daddies : RHP John Costello
Batting: LHB Brady Anderson 0-0: Ball
1-0: Called Strike
1-1: Ball
2-1: Foul Ball, location: 2F
2-2: Strikes out swinging
Batting: LHB Oddibe McDowell 0-0: SINGLE (Groundball, 6MS, EV 65.0 MPH) (infield hit)
Batting: RHB Cal Ripken Jr. 0-0: Ball
1-0: Ball
2-0: Ball
3-0: Base on Balls
Oddibe McDowell to second
Batting: SHB Desi Relaford 0-0: Ball
1-0: Foul Ball, location: 2F
1-1: Ball
2-1: DOUBLE (Flyball, 89XD, EV 99.4 MPH)
Oddibe McDowell scores
Cal Ripken Jr. to third
Pitching: RHP Aaron Small
Batting: LHB Lou Whitaker 0-0: Called Strike
0-1: Fly out, F8 (Flyball, 8RS, EV 93.1 MPH)
Batting: RHB Joe Vitiello 0-0: Ball
1-0: Ball
2-0: Foul Ball, location: 2F
2-1: SINGLE (Line Drive, 3D, EV 97.5 MPH)
Cal Ripken Jr. scores
Desi Relaford to third
Runner from 3rd tries for Home, SAFE, throw by RF to home
Batting: RHB Robby Thompson 0-0: Ball
Wild Pitch!
Joe Vitiello to second
1-0: Called Strike
1-1: Foul Ball, location: 2F
1-2: Fly out, F3 (Popup, 3, EV 58.1 MPH)
Top of the 6th over - 3 runs, 3 hits, 0 errors, 1 left on base; Milwaukee 21 - Danville 4
BOTTOM OF THE 6TH
Danville Dairy Daddies batting - Pitching for Milwaukee Otters : RHP Willie Blair
Batting: LHB Lee Stevens 0-0: SINGLE (Line Drive, 78S, EV 106.9 MPH)
Batting: RHB Mike Blowers 0-0: Called Strike
0-1: Ball
1-1: Foul Ball, location: 2F
1-2: Ball
2-2: Ball
3-2: Foul Ball, location: 2F
3-2: DOUBLE (Flyball, 8RXD, EV 109.4 MPH)
Lee Stevens to third
Lee Stevens scores
Batting: RHB Mike Stanley 0-0: Called Strike
0-1: Ball
1-1: Ground out 5-3 (Groundball, 56S, EV 76.3 MPH)
Batting: RHB Takahiro Ikeyama 0-0: Ball
1-0: Ground out U3 (Groundball, 34, EV 85.0 MPH)
Mike Blowers to third
Batting: RHB Tim Worrell 0-0: Foul Ball, location: 2F
0-1: Ball
Passed Ball!
Mike Blowers scores
1-1: Swinging Strike
1-2: Strikes out swinging
Bottom of the 6th over - 2 runs, 2 hits, 0 errors, 0 left on base; Milwaukee 21 - Danville 6
TOP OF THE 7TH
Milwaukee Otters batting - Pitching for Danville Dairy Daddies : RHP Aaron Small
Batting: RHB Chris Sabo 0-0: Called Strike
0-1: SINGLE (Line Drive, 9LS, EV 91.9 MPH)
Batting: RHB Carlos A. Martinez 0-0: Ball
1-0: SINGLE (Groundball, 6MD, EV 106.3 MPH)
Chris Sabo to second
Batting: LHB Brady Anderson 0-0: Foul Ball, location: 2F
0-1: Swinging Strike
0-2: Ball
1-2: SINGLE (Line Drive, 78S, EV 95.6 MPH)
Chris Sabo to third
Carlos A. Martinez to second
Batting: LHB Oddibe McDowell 0-0: Foul Ball, location: 2F
0-1: Ball
1-1: SINGLE (Groundball, 34S, EV 69.4 MPH) (infield hit)
Chris Sabo scores
Carlos A. Martinez to third
Brady Anderson to second
Batting: RHB Cal Ripken Jr. 0-0: Ball
1-0: Ball
2-0: Ball
3-0: Base on Balls
Carlos A. Martinez scores
Brady Anderson to third
Oddibe McDowell to second
Batting: SHB Desi Relaford 0-0: Ball
1-0: Foul Ball, location: 2F
1-1: Called Strike
1-2: Strikes out swinging
Batting: LHB Lou Whitaker 0-0: Ball
1-0: SINGLE (Groundball, 34D, EV 110.0 MPH)
Brady Anderson scores
Oddibe McDowell to third
Cal Ripken Jr. to second
Batting: RHB Joe Vitiello 0-0: Ball
1-0: Called Strike
1-1: Grounds into double play, 4-6-3 (Groundball, 4, EV 85.6 MPH)
Top of the 7th over - 3 runs, 5 hits, 0 errors, 2 left on base; Milwaukee 24 - Danville 6
BOTTOM OF THE 7TH
Danville Dairy Daddies batting - Pitching for Milwaukee Otters : RHP Willie Blair
Pitching: RHP Mark Clear
Batting: SHB Joey Cora 0-0: Called Strike
0-1: Ball
1-1: Foul Ball, location: 2F
1-2: Ball
2-2: Fly out, F7 (Flyball, 78S, EV 79.4 MPH)
Batting: RHB Shawn Gilbert 0-0: Swinging Strike
0-1: Ball
1-1: SINGLE (Groundball, 6D, EV 107.5 MPH)
Batting: LHB David Ortiz 0-0: Fly out, F7 (Flyball, 7D, EV 109.4 MPH)
Batting: LHB Brant Brown 0-0: Foul Ball, location: 2F
0-1: Ball
1-1: Foul Ball, location: 2F
1-2: Ball
Passed Ball!
Shawn Gilbert to second
2-2: Ball
3-2: Base on Balls
Batting: LHB Lee Stevens 0-0: Foul Ball, location: 2F
0-1: Foul Ball, location: 2F
0-2: Ball
1-2: Strikes out swinging
Bottom of the 7th over - 0 runs, 1 hit, 0 errors, 2 left on base; Milwaukee 24 - Danville 6
TOP OF THE 8TH
Milwaukee Otters batting - Pitching for Danville Dairy Daddies : RHP Aaron Small
Batting: RHB Robby Thompson 0-0: Ball
1-0: Called Strike
1-1: Swinging Strike
1-2: Ball
2-2: Foul Ball, location: 2F
2-2: Strikes out swinging
Batting: RHB Chris Sabo 0-0: DOUBLE (Flyball, 8RXD, EV 101.3 MPH)
Pitching: RHP Mark Thompson
Batting: RHB Carlos A. Martinez 0-0: Ball
1-0: SINGLE (Groundball, 56, EV 80.6 MPH) (infield hit)
Chris Sabo to third
Batting: LHB Brady Anderson 0-0: Swinging Strike
0-1: Ball
1-1: Ball
2-1: Ball
3-1: SINGLE (Line Drive, 6MD, EV 101.3 MPH)
Chris Sabo scores
Carlos A. Martinez to second
Batting: LHB Oddibe McDowell 0-0: Ball
Wild Pitch!
Carlos A. Martinez to third
Brady Anderson to second
1-0: Ball
2-0: Swinging Strike
2-1: Ball
3-1: Foul Ball, location: 2F
3-2: Strikes out looking
Batting: RHB Cal Ripken Jr. 0-0: Called Strike
0-1: SINGLE (Groundball, 56D, EV 105.0 MPH)
Carlos A. Martinez scores
Brady Anderson to third
Runner from 3rd tries for Home, throw by LF and OUT! 7-2
Top of the 8th over - 2 runs, 4 hits, 0 errors, 1 left on base; Milwaukee 26 - Danville 6
BOTTOM OF THE 8TH
Danville Dairy Daddies batting - Pitching for Milwaukee Otters : RHP Mark Clear
Batting: RHB Mike Blowers 0-0: Ball
1-0: Ball
2-0: Called Strike
2-1: Ball
3-1: Ground out 5-3 (Groundball, 56, EV 107.5 MPH)
Batting: RHB Mike Stanley 0-0: Ball
1-0: Fly out, F8 (Line Drive, 8LM, EV 110.6 MPH)
Batting: RHB Takahiro Ikeyama 0-0: Ball
1-0: Ball
2-0: Ball
3-0: Base on Balls
Pitching: RHP Dan Miceli
Batting: RHB Tim Worrell 0-0: Swinging Strike
0-1: Swinging Strike
Passed Ball!
Takahiro Ikeyama to second
0-2: Ball
Passed Ball!
Takahiro Ikeyama to third
1-2: Strikes out swinging
Bottom of the 8th over - 0 runs, 0 hits, 0 errors, 1 left on base; Milwaukee 26 - Danville 6
TOP OF THE 9TH
Milwaukee Otters batting - Pitching for Danville Dairy Daddies : RHP Mark Thompson
Batting: SHB Desi Relaford 0-0: Called Strike
0-1: Called Strike
0-2: Ball
1-2: Foul Ball, location: 2F
1-2: DOUBLE (Line Drive, 89D, EV 109.4 MPH)
Batting: LHB Lou Whitaker 0-0: Ball
1-0: Called Strike
1-1: Ball
2-1: Ground out 4-3 (Groundball, 4M, EV 80.0 MPH)
Desi Relaford to third
Batting: RHB Joe Vitiello 0-0: Foul Ball, location: 2F
0-1: Ball
1-1: Foul Ball, location: 2F
1-2: Strikes out looking
Batting: RHB Robby Thompson 0-0: Swinging Strike
0-1: Ball
1-1: Fly out, F8 (Flyball, 89D, EV 94.4 MPH)
Top of the 9th over - 0 runs, 1 hit, 0 errors, 1 left on base; Milwaukee 26 - Danville 6
BOTTOM OF THE 9TH
Danville Dairy Daddies batting - Pitching for Milwaukee Otters : RHP Dan Miceli
Batting: SHB Joey Cora 0-0: Ball
1-0: SINGLE (Line Drive, 4MD, EV 104.4 MPH)
Batting: RHB Shawn Gilbert 0-0: Called Strike
0-1: Ball
1-1: Ball
2-1: Fly out, F8 (Flyball, 8RM, EV 96.3 MPH)
Batting: LHB David Ortiz 0-0: Grounds into double play, 6-4-3 (Groundball, 6, EV 85.0 MPH)
Bottom of the 9th over - 0 runs, 1 hit, 0 errors, 0 left on base; Milwaukee 26 - Danville 6
Tuesday, February 3rd, 2026 - OOTP Baseball 20.8 Build 74